| Goals | Penalties |
1. Rangers , Sebastian Aho 5 (Jake Guentzel 5, Thomas Harley 4) at 1:01 (PP)
2. Rangers , Sebastian Aho 6 (Kirill Marchenko 7, Anton Lundell 4) at 5:31
3. Rangers , Kirill Marchenko 4 (Jack Hughes 7, Jake Guentzel 6) at 8:00 (PP)
4. Rangers , Joel Eriksson Ek 5 (Alex Laferriere 2) at 15:14
5. Flames , Keaton Middleton 1 (Macklin Celebrini 7, Matt Rempe 5) at 16:26
|
Hunter Drew (CAL) for Holding (Minor) at 0:19 Matt Rempe (CAL) for Tripping (Minor) at 7:30
|
6. Rangers , Zachary Bolduc 2 (Kasperi Kapanen 2) at 7:56
|
Macklin Celebrini (CAL) for High sticking (Minor) at 11:25
|
7. Rangers , Christian Dvorak 5 (Seth Jones 6, Kasperi Kapanen 3) at 10:49
|
Seth Jones (NYR) for Hooking (Minor) at 8:18
|
|
Karel Vejmelka (NYR), 31 saves from 32 shots - (0,969), W, 4-3-0, 60:00 minutes
Jack Campbell (CAL), 28 saves from 34 shots - (0,824), L, 1-3-0, 60:00 minutes
|
|
1 - Sebastian Aho (NYR)
2 - Karel Vejmelka (NYR)
3 - Zachary Bolduc (NYR)
|
Referees : David Elford and Laura White
Linesman : Joseph Mahon and Erika Greenen
|
|
11:06 of 1st period - Flames goal is going for a video replay. After video review, No Goal. The attacking player has interfered with a goalkeeper in his goal crease.
Ryan Johansen is injured at 17:43 of 1st period (Torn Left MCL)
|
|
Level 1 -- Attendance: 4392 (71%) -- Ticket Income $439,200
Level 2 -- Attendance: 4134 (80%) -- Ticket Income $248,040
Level 3 -- Attendance: 2300 (100%) -- Ticket Income $80,500
Level 4 -- Attendance: 3186 (85%) -- Ticket Income $63,720
Luxury Box -- Attendance: 1008 (96%) -- Ticket Income $201,600
Game was played at the Pengrowth Saddledome.
Total Attendance: 15020 (81%)
Total Ticket Income: $1,033,060
Other Income: $309,918
Total Income: $1,342,978
|
| Team Name |
Goals |
Shots |
Shots Attemp |
Shots Blocked |
PIM |
HIT |
PP |
PK |
FO% |
| Rangers |
6 | 34 | 70 | 7 | 2 | 21 | 2 / 3 (67%) | 0 | 49% |
| Flames |
1 | 32 | 57 | 16 | 6 | 18 | 0 / 1 (0%) | 2 | 51% |
Rangers
| Player Name |
POS |
G |
A |
P |
+/- |
PIM |
HIT |
SHT |
SB |
MP |
PP MP |
PP SHT |
PK MP |
PK SHT |
FO% |
FOT |
GA |
TA |
| Alex Killorn | LW/RW | 0 | 0 | 0 | 1 | 0 | 2 | 1 | 0 | 16:38 | 1:03 | 0 | 0:00 | 0 | 50% |
4 | 0 | 0 |
| Alex Laferriere | LW/RW | 0 | 1 | 1 | 0 | 0 | 3 | 1 | 0 | 16:34 | 0:00 | 0 | 0:33 | 0 | 33% |
3 | 0 | 2 |
| Anton Lundell | C | 0 | 1 | 1 | 0 | 0 | 2 | 2 | 0 | 15:08 | 0:00 | 0 | 0:27 | 0 | 50% |
18 | 0 | 0 |
| Christian Dvorak | C | 1 | 0 | 1 | 2 | 0 | 0 | 2 | 0 | 8:33 | 0:00 | 0 | 0:00 | 0 | 60% |
5 | 0 | 0 |
| Filip Hronek | D | 0 | 0 | 0 | 3 | 0 | 1 | 0 | 1 | 14:18 | 2:06 | 0 | 1:09 | 0 | 0% |
0 | 0 | 0 |
| Jack Hughes | C/LW/RW | 0 | 1 | 1 | 0 | 0 | 2 | 3 | 0 | 18:02 | 2:08 | 0 | 0:00 | 0 | 0% |
1 | 2 | 0 |
| Jake Guentzel | C/LW | 0 | 2 | 2 | 1 | 0 | 0 | 2 | 0 | 17:37 | 2:08 | 0 | 0:00 | 0 | 0% |
1 | 1 | 1 |
| Joel Eriksson Ek | C | 1 | 0 | 1 | 0 | 0 | 1 | 5 | 0 | 18:02 | 1:03 | 0 | 0:59 | 0 | 44% |
18 | 0 | 0 |
| Kasperi Kapanen | LW/RW | 0 | 2 | 2 | 2 | 0 | 0 | 1 | 0 | 8:33 | 0:00 | 0 | 0:00 | 0 | 0% |
0 | 0 | 0 |
| Kirill Marchenko | RW | 1 | 1 | 2 | 0 | 0 | 1 | 5 | 0 | 16:30 | 1:03 | 1 | 0:33 | 0 | 0% |
1 | 2 | 0 |
| Martin Fehervary | D | 0 | 0 | 0 | 0 | 0 | 1 | 2 | 0 | 21:37 | 0:00 | 0 | 0:52 | 0 | 0% |
0 | 0 | 1 |
| Mason Lohrei | D | 0 | 0 | 0 | 4 | 0 | 0 | 1 | 0 | 10:50 | 0:00 | 0 | 0:00 | 0 | 0% |
0 | 0 | 0 |
| Morgan Barron | C/LW/RW | 0 | 0 | 0 | 0 | 0 | 0 | 0 | 1 | 15:40 | 0:00 | 0 | 0:59 | 0 | 0% |
0 | 0 | 0 |
| Nick Seeler | D | 0 | 0 | 0 | -1 | 0 | 2 | 1 | 4 | 24:47 | 1:05 | 0 | 1:00 | 0 | 0% |
0 | 0 | 0 |
| Sebastian Aho | C/LW | 2 | 0 | 2 | 1 | 0 | 2 | 6 | 0 | 18:04 | 2:08 | 1 | 0:27 | 0 | 59% |
22 | 0 | 0 |
| Seth Jones | D | 0 | 1 | 1 | 1 | 2 | 1 | 0 | 0 | 22:16 | 1:05 | 0 | 0:00 | 0 | 0% |
0 | 0 | 0 |
| Thomas Harley | D | 0 | 1 | 1 | -1 | 0 | 1 | 0 | 1 | 26:18 | 2:06 | 0 | 0:57 | 0 | 0% |
0 | 1 | 2 |
| Zachary Bolduc | LW/RW | 1 | 0 | 1 | 2 | 0 | 2 | 2 | 0 | 8:33 | 0:00 | 0 | 0:00 | 0 | 0% |
0 | 0 | 0 |
Flames
| Player Name |
POS |
G |
A |
P |
+/- |
PIM |
HIT |
SHT |
SB |
MP |
PP MP |
PP SHT |
PK MP |
PK SHT |
FO% |
FOT |
GA |
TA |
| Adam Fantilli | C/LW | 0 | 0 | 0 | -2 | 0 | 0 | 2 | 1 | 19:03 | 0:42 | 0 | 1:35 | 0 | 50% |
2 | 0 | 0 |
| Adam Henrique | C/LW/RW | 0 | 0 | 0 | -1 | 0 | 0 | 3 | 0 | 18:59 | 0:31 | 0 | 0:03 | 0 | 64% |
11 | 0 | 0 |
| Ben Chiarot | D | 0 | 0 | 0 | 0 | 0 | 1 | 0 | 0 | 6:46 | 0:00 | 0 | 0:00 | 0 | 0% |
0 | 0 | 0 |
| Darren Raddysh | D | 0 | 0 | 0 | 0 | 0 | 0 | 1 | 1 | 5:37 | 0:00 | 0 | 0:00 | 0 | 0% |
0 | 0 | 0 |
| Henry Thrun | D | 0 | 0 | 0 | -2 | 0 | 0 | 0 | 1 | 11:36 | 0:00 | 0 | 0:00 | 0 | 0% |
0 | 0 | 0 |
| Hunter Drew | RW | 0 | 0 | 0 | -1 | 2 | 3 | 5 | 3 | 26:20 | 1:01 | 0 | 1:00 | 0 | 39% |
18 | 0 | 0 |
| Jansen Harkins | C/LW/RW | 0 | 0 | 0 | -1 | 0 | 0 | 4 | 0 | 20:42 | 0:38 | 0 | 0:00 | 0 | 100% |
1 | 1 | 0 |
| Keaton Middleton | D | 1 | 0 | 1 | 0 | 0 | 2 | 1 | 1 | 22:22 | 0:50 | 0 | 2:06 | 0 | 0% |
0 | 0 | 1 |
| Kevin Bahl | D | 0 | 0 | 0 | 0 | 0 | 0 | 0 | 0 | 6:07 | 0:00 | 0 | 0:00 | 0 | 0% |
0 | 0 | 0 |
| Kevin Connauton | D | 0 | 0 | 0 | -1 | 0 | 2 | 1 | 0 | 19:55 | 1:09 | 0 | 1:05 | 0 | 0% |
0 | 0 | 0 |
| Kevin Stenlund | C/RW | 0 | 0 | 0 | -1 | 0 | 1 | 1 | 1 | 17:15 | 0:31 | 0 | 0:03 | 0 | 0% |
2 | 0 | 0 |
| Macklin Celebrini | C | 0 | 1 | 1 | -1 | 2 | 2 | 3 | 0 | 17:56 | 0:38 | 0 | 0:00 | 0 | 0% |
2 | 1 | 0 |
| Matt Rempe | C/LW/RW | 0 | 1 | 1 | -1 | 2 | 4 | 3 | 1 | 25:12 | 0:50 | 0 | 1:36 | 0 | 57% |
37 | 1 | 0 |
| Nick Leddy | D | 0 | 0 | 0 | -1 | 0 | 0 | 3 | 1 | 19:20 | 0:50 | 0 | 1:05 | 0 | 0% |
0 | 1 | 1 |
| Olen Zellweger | D | 0 | 0 | 0 | -2 | 0 | 0 | 2 | 1 | 11:36 | 0:00 | 0 | 0:00 | 0 | 0% |
0 | 1 | 0 |
| Ryan Johansen | C | 0 | 0 | 0 | 0 | 0 | 2 | 1 | 2 | 7:49 | 0:00 | 0 | 0:38 | 0 | 0% |
0 | 0 | 0 |
| Travis Hamonic | D | 0 | 0 | 0 | 0 | 0 | 1 | 0 | 3 | 23:11 | 1:09 | 0 | 2:06 | 0 | 0% |
0 | 1 | 4 |
| Tyler Johnson | C | 0 | 0 | 0 | -1 | 0 | 0 | 2 | 0 | 17:00 | 1:06 | 0 | 1:27 | 0 | 0% |
0 | 0 | 0 |
Rangers
| 5 vs 5 Forward |
|---|
| Line # | Left Wing | Center | Right Wing | PHY | DF | OF | Wanted % | Time % | Time Play |
| 1 | Jake Guentzel | Sebastian Aho | Alex Killorn | 1 | 2 | 2 | 32 | 28% | 15:36
|
| 2 | Jack Hughes | Joel Eriksson Ek | Alex Laferriere | 1 | 2 | 2 | 30 | 29% | 16:00
|
| 3 | Morgan Barron | Anton Lundell | Kirill Marchenko | 1 | 2 | 2 | 27 | 27% | 14:41
|
| 4 | Kasperi Kapanen | Christian Dvorak | Zachary Bolduc | 1 | 3 | 1 | 11 | 16% | 8:33
|
| 5 vs 5 Defense |
|---|
| Line # | Defense | Defense | | PHY | DF | OF | Wanted % | Time % | Time Play |
| 1 | Thomas Harley | Nick Seeler | | 1 | 2 | 2 | 38 | 37% | 20:09
|
| 2 | Seth Jones | Martin Fehervary | | 1 | 2 | 2 | 37 | 38% | 20:52
|
| 3 | Filip Hronek | Mason Lohrei | | 1 | 3 | 1 | 20 | 20% | 10:50
|
| 4 | Thomas Harley | Nick Seeler | | 1 | 3 | 1 | 5 | 5% | 2:59
|
| Power Play Forward |
|---|
| Line # | Left Wing | Center | Right Wing | PHY | DF | OF | Wanted % | Time % | Time Play |
| 1 | Jake Guentzel | Sebastian Aho | Jack Hughes | 0 | 2 | 3 | 55 | 67% | 2:08
|
| 2 | Alex Killorn | Joel Eriksson Ek | Kirill Marchenko | 0 | 2 | 3 | 45 | 33% | 1:03
|
| Power Play Defense |
|---|
| Line # | Defense | Defense | | PHY | DF | OF | Wanted % | Time % | Time Play |
| 1 | Thomas Harley | Filip Hronek | | 0 | 2 | 3 | 60 | 66% | 2:06
|
| 2 | Seth Jones | Nick Seeler | | 0 | 2 | 3 | 40 | 34% | 1:05
|
| Penalty Kill 4 Players Forward |
|---|
| Line # | Center | Wing | PHY | DF | OF | Wanted % | Time % | Time Play |
| 1 | Joel Eriksson Ek | Morgan Barron | 1 | 2 | 2 | 60 | 77% | 1:32
|
| 2 | Anton Lundell | Sebastian Aho | 1 | 2 | 2 | 40 | 23% | 0:27
|
| Penalty Kill 4 Players Defense |
|---|
| Line # | Defense | Defense | PHY | DF | OF | Wanted % | Time % | Time Play |
| 1 | Thomas Harley | Nick Seeler | 1 | 2 | 2 | 60 | 42% | 0:50
|
| 2 | Seth Jones | Martin Fehervary | 1 | 2 | 2 | 40 | 58% | 1:09
|
| Penalty Kill 3 Players |
|---|
| Line # | Wing | PHY | DF | OF | Wanted % | Time % | Time Play | Defense | Defense | PHY | DF | OF | Wanted % | Time % | Time Play |
| 1 | Joel Eriksson Ek | 0 | 4 | 1 | 60 | 0% | 0:00
| Thomas Harley | Nick Seeler | 0 | 4 | 1 | 60 | 0% | 0:00
|
| 2 | Anton Lundell | 0 | 4 | 1 | 40 | 0% | 0:00
| Seth Jones | Martin Fehervary | 0 | 4 | 1 | 40 | 0% | 0:00
|
| 4 vs 4 Forward |
|---|
| Line # | Center | Wing | PHY | DF | OF | Wanted % | Time % | Time Play |
| 1 | Sebastian Aho | Jack Hughes | 1 | 2 | 2 | 60 | 0% | 0:00
|
| 2 | Jake Guentzel | Kirill Marchenko | 1 | 2 | 2 | 40 | 0% | 0:00
|
| 4 vs 4 Defense |
|---|
| Line # | Defense | | PHY | DF | OF | Wanted % | Time % | Time Play |
| 1 | Thomas Harley | Nick Seeler | 1 | 2 | 2 | 60 | 0% | 0:00
|
| 2 | Seth Jones | Martin Fehervary | 1 | 2 | 2 | 40 | 0% | 0:00
|
| Last Minutes Offensive |
|---|
| Left Wing | Center | Right Wing | Defense | Defense |
| Jake Guentzel | Sebastian Aho | Jack Hughes | Thomas Harley | Seth Jones |
| Last Minutes Defensive |
|---|
| Left Wing | Center | Right Wing | Defense | Defense |
| Sebastian Aho | Joel Eriksson Ek | Morgan Barron | Martin Fehervary | Nick Seeler |
| Time |
|---|
| Total Forward | Total Defense | Last Minutes Offensive | Last Minutes Defensive |
| 60:00 |
60:00 |
0:00 | 0:00 |
| Extra Forwards |
|---|
| Normal | PowerPlay | Penalty Kill |
|
Kirill Marchenko, Joel Eriksson Ek, Anton Lundell | Kirill Marchenko, Joel Eriksson Ek | Kirill Marchenko |
| Extra Defensemen |
|---|
| Normal | PowerPlay | Penalty Kill |
|
Martin Fehervary, Filip Hronek, Mason Lohrei | Martin Fehervary, Martin Fehervary | Filip Hronek |
| Penalty Shots |
|---|
|
Sebastian Aho, Jake Guentzel, Jack Hughes, Alex Killorn, Kirill Marchenko |
| Goalie |
|---|
| Karel Vejmelka, Alexandar Georgiev |
| Scratches |
|---|
|
Jayden Struble (Healthy) |
Flames
| 5 vs 5 Forward |
|---|
| Line # | Left Wing | Center | Right Wing | PHY | DF | OF | Wanted % | Time % | Time Play |
| 1 | Ryan Johansen | Matt Rempe | Macklin Celebrini | 5 | 0 | 0 | 35 | 35% | 19:14
|
| 2 | Tyler Johnson | Hunter Drew | Jansen Harkins | 5 | 0 | 0 | 29 | 26% | 14:10
|
| 3 | Kevin Stenlund | Adam Henrique | Adam Fantilli | 0 | 5 | 0 | 21 | 23% | 12:51
|
| 4 | Ryan Johansen | Matt Rempe | Hunter Drew | 5 | 0 | 0 | 15 | 16% | 8:35
|
| 5 vs 5 Defense |
|---|
| Line # | Defense | Defense | | PHY | DF | OF | Wanted % | Time % | Time Play |
| 1 | Keaton Middleton | Travis Hamonic | | 5 | 0 | 0 | 40 | 36% | 19:42
|
| 2 | Nick Leddy | Kevin Connauton | | 5 | 0 | 0 | 30 | 32% | 17:25
|
| 3 | Henry Thrun | Olen Zellweger | | 0 | 5 | 0 | 20 | 21% | 11:36
|
| 4 | Ben Chiarot | Kevin Bahl | | 5 | 0 | 0 | 10 | 11% | 6:07
|
| Power Play Forward |
|---|
| Line # | Left Wing | Center | Right Wing | PHY | DF | OF | Wanted % | Time % | Time Play |
| 1 | Ryan Johansen | Matt Rempe | Tyler Johnson | 5 | 0 | 0 | 50 | 68% | 1:21
|
| 2 | Jansen Harkins | Hunter Drew | Macklin Celebrini | 5 | 0 | 0 | 50 | 32% | 0:38
|
| Power Play Defense |
|---|
| Line # | Defense | Defense | | PHY | DF | OF | Wanted % | Time % | Time Play |
| 1 | Kevin Connauton | Travis Hamonic | | 5 | 0 | 0 | 50 | 58% | 1:09
|
| 2 | Nick Leddy | Keaton Middleton | | 5 | 0 | 0 | 50 | 42% | 0:50
|
| Penalty Kill 4 Players Forward |
|---|
| Line # | Center | Wing | PHY | DF | OF | Wanted % | Time % | Time Play |
| 1 | Matt Rempe | Ryan Johansen | 5 | 0 | 0 | 50 | 54% | 1:44
|
| 2 | Hunter Drew | Tyler Johnson | 5 | 0 | 0 | 50 | 46% | 1:27
|
| Penalty Kill 4 Players Defense |
|---|
| Line # | Defense | Defense | PHY | DF | OF | Wanted % | Time % | Time Play |
| 1 | Keaton Middleton | Travis Hamonic | 5 | 0 | 0 | 50 | 66% | 2:06
|
| 2 | Nick Leddy | Kevin Connauton | 5 | 0 | 0 | 50 | 34% | 1:05
|
| Penalty Kill 3 Players |
|---|
| Line # | Wing | PHY | DF | OF | Wanted % | Time % | Time Play | Defense | Defense | PHY | DF | OF | Wanted % | Time % | Time Play |
| 1 | Hunter Drew | 5 | 0 | 0 | 50 | 0% | 0:00
| Kevin Connauton | Travis Hamonic | 5 | 0 | 0 | 50 | 0% | 0:00
|
| 2 | Matt Rempe | 5 | 0 | 0 | 50 | 0% | 0:00
| Olen Zellweger | Keaton Middleton | 5 | 0 | 0 | 50 | 0% | 0:00
|
| 4 vs 4 Forward |
|---|
| Line # | Center | Wing | PHY | DF | OF | Wanted % | Time % | Time Play |
| 1 | Hunter Drew | Ryan Johansen | 5 | 0 | 0 | 50 | 0% | 0:00
|
| 2 | Matt Rempe | Tyler Johnson | 5 | 0 | 0 | 50 | 0% | 0:00
|
| 4 vs 4 Defense |
|---|
| Line # | Defense | | PHY | DF | OF | Wanted % | Time % | Time Play |
| 1 | Travis Hamonic | Keaton Middleton | 5 | 0 | 0 | 50 | 0% | 0:00
|
| 2 | Nick Leddy | Kevin Connauton | 5 | 0 | 0 | 50 | 0% | 0:00
|
| Last Minutes Offensive |
|---|
| Left Wing | Center | Right Wing | Defense | Defense |
| Ryan Johansen | Matt Rempe | Hunter Drew | Keaton Middleton | Kevin Connauton |
| Last Minutes Defensive |
|---|
| Left Wing | Center | Right Wing | Defense | Defense |
| Ryan Johansen | Matt Rempe | Hunter Drew | Keaton Middleton | Kevin Connauton |
| Time |
|---|
| Total Forward | Total Defense | Last Minutes Offensive | Last Minutes Defensive |
| 60:00 |
60:00 |
0:00 | 0:00 |
| Extra Forwards |
|---|
| Normal | PowerPlay | Penalty Kill |
|
Matt Rempe, Ryan Johansen, Hunter Drew | Matt Rempe, Hunter Drew | Matt Rempe |
| Extra Defensemen |
|---|
| Normal | PowerPlay | Penalty Kill |
|
Kevin Connauton, Keaton Middleton, Henry Thrun | Keaton Middleton, Keaton Middleton | Kevin Connauton |
| Penalty Shots |
|---|
|
Matt Rempe, Keaton Middleton, Kevin Connauton, Henry Thrun, Olen Zellweger |
| Goalie |
|---|
| Jack Campbell, Jakub Dobes |
| Scratches |
|---|
|
Riley Nash (Healthy), Brad Hunt (Healthy), Dryden Hunt (Healthy), Florian Xhekaj (Healthy), Jacob Moverare (Healthy) |
Play-by-Play
1st period
0:01 of 1st period - Sebastian Aho wins face-off versus Matt Rempe in neutral zone.
0:12 of 1st period - Snap shot by Matt Rempe.
0:12 of 1st period - Deflect By Macklin Celebrini.
0:12 of 1st period - Stopped by Karel Vejmelka without a rebound.
0:13 of 1st period - Joel Eriksson Ek wins face-off versus Hunter Drew in Rangers zone.
0:19 of 1st period - Minor Penalty to Hunter Drew for Holding.
0:20 of 1st period - Matt Rempe wins face-off versus Sebastian Aho in Flames zone.
0:57 of 1st period - Snap shot by Jake Guentzel.
0:57 of 1st period - Shot Misses the Net.
0:59 of 1st period - Slapshot by Thomas Harley.
0:59 of 1st period - Shot Misses the Net.
1:01 of 1st period - Wrist shot by Jake Guentzel.
1:01 of 1st period - Deflect By Sebastian Aho.
1:01 of 1st period - Goal by Sebastian Aho - Rangers : 1 - Flames : 0.
1:02 of 1st period - Adam Henrique wins face-off versus Anton Lundell in neutral zone.
1:29 of 1st period - Joel Eriksson Ek is hit by Hunter Drew and loses puck.
1:58 of 1st period - Snap shot by Jake Guentzel.
1:58 of 1st period - Stopped by Jack Campbell with a rebound.
2:00 of 1st period - Wrist shot by Sebastian Aho.
2:00 of 1st period - Stopped by Jack Campbell without a rebound.
2:01 of 1st period - Christian Dvorak wins face-off versus Hunter Drew in Flames zone.
2:08 of 1st period - Snap shot by Kasperi Kapanen.
2:08 of 1st period - Shot Blocked by Travis Hamonic.
2:33 of 1st period - Thomas Harley is hit by Keaton Middleton and loses puck.
2:54 of 1st period - Macklin Celebrini is hit by Alex Laferriere and loses puck.
3:39 of 1st period - Wrist shot by Kirill Marchenko.
3:39 of 1st period - Shot Misses the Net.
4:46 of 1st period - Off-side.
4:47 of 1st period - Anton Lundell wins face-off versus Hunter Drew in neutral zone.
5:15 of 1st period - Slapshot by Adam Fantilli.
5:15 of 1st period - Shot Misses the Net.
5:31 of 1st period - Slapshot by Sebastian Aho.
5:31 of 1st period - Goal by Sebastian Aho - Rangers : 2 - Flames : 0.
5:32 of 1st period - Matt Rempe wins face-off versus Alex Laferriere in neutral zone.
5:41 of 1st period - Wrist shot by Matt Rempe.
5:41 of 1st period - Shot Misses the Net.
5:43 of 1st period - Slapshot by Nick Leddy.
5:43 of 1st period - Stopped by Karel Vejmelka without a rebound.
5:44 of 1st period - Sebastian Aho wins face-off versus Matt Rempe in Rangers zone.
5:44 of 1st period - Sebastian Aho is hit by Ryan Johansen.
5:52 of 1st period - Thomas Harley is hit by Ryan Johansen and loses puck.
6:09 of 1st period - Kevin Stenlund is hit by Alex Laferriere and loses puck.
6:16 of 1st period - Wrist shot by Adam Henrique.
6:16 of 1st period - Stopped by Karel Vejmelka without a rebound.
6:17 of 1st period - Joel Eriksson Ek wins face-off versus Matt Rempe in Rangers zone.
6:33 of 1st period - Wrist shot by Macklin Celebrini.
6:33 of 1st period - Shot Misses the Net.
6:43 of 1st period - Hunter Drew is hit by Sebastian Aho.
7:10 of 1st period - Wrist shot by Adam Henrique.
7:10 of 1st period - Shot Misses the Net.
7:12 of 1st period - Slapshot by Adam Henrique.
7:12 of 1st period - Shot Misses the Net.
7:28 of 1st period - Wrist shot by Kasperi Kapanen.
7:28 of 1st period - Shot Blocked by Travis Hamonic.
7:30 of 1st period - Minor Penalty to Matt Rempe for Tripping.
7:31 of 1st period - Adam Fantilli wins face-off versus Sebastian Aho in Flames zone.
8:00 of 1st period - Wrist shot by Kirill Marchenko.
8:00 of 1st period - Goal by Kirill Marchenko - Rangers : 3 - Flames : 0.
8:01 of 1st period - Matt Rempe wins face-off versus Sebastian Aho in neutral zone.
8:10 of 1st period - Slapshot by Macklin Celebrini.
8:10 of 1st period - Shot Misses the Net.
8:12 of 1st period - Snap shot by Ryan Johansen.
8:12 of 1st period - Stopped by Karel Vejmelka without a rebound.
8:13 of 1st period - Joel Eriksson Ek wins face-off versus Matt Rempe in Rangers zone.
8:19 of 1st period - Off-side.
8:20 of 1st period - Matt Rempe wins face-off versus Joel Eriksson Ek in neutral zone.
8:57 of 1st period - Snap shot by Jack Hughes.
8:57 of 1st period - Shot Misses the Net.
8:59 of 1st period - Snap shot by Joel Eriksson Ek.
8:59 of 1st period - Stopped by Jack Campbell with a rebound.
9:01 of 1st period - Snap shot by Jack Hughes.
9:01 of 1st period - Shot Blocked by Ryan Johansen.
9:03 of 1st period - Wrist shot by Alex Laferriere.
9:03 of 1st period - Shot Misses the Net.
9:05 of 1st period - Snap shot by Joel Eriksson Ek.
9:05 of 1st period - Shot Misses the Net.
9:07 of 1st period - Snap shot by Mason Lohrei.
9:07 of 1st period - Stopped by Jack Campbell with a rebound.
9:09 of 1st period - Wrist shot by Jack Hughes.
9:09 of 1st period - Stopped by Jack Campbell without a rebound.
9:10 of 1st period - Alex Killorn wins face-off versus Adam Henrique in Flames zone.
9:13 of 1st period - Wrist shot by Sebastian Aho.
9:13 of 1st period - Stopped by Jack Campbell without a rebound.
9:14 of 1st period - Sebastian Aho wins face-off versus Adam Henrique in Flames zone.
9:25 of 1st period - Snap shot by Jake Guentzel.
9:25 of 1st period - Shot Misses the Net.
9:41 of 1st period - Wrist shot by Tyler Johnson.
9:41 of 1st period - Stopped by Karel Vejmelka without a rebound.
9:42 of 1st period - Hunter Drew wins face-off versus Anton Lundell in Rangers zone.
9:51 of 1st period - Snap shot by Kirill Marchenko.
9:51 of 1st period - Deflect By Anton Lundell.
9:51 of 1st period - Shot Blocked by Hunter Drew.
9:51 of 1st period - Puck is out of play.
9:52 of 1st period - Sebastian Aho wins face-off versus Matt Rempe in Flames zone.
10:56 of 1st period - Wrist shot by Tyler Johnson.
10:56 of 1st period - Shot Misses the Net.
10:58 of 1st period - Snap shot by Hunter Drew.
10:58 of 1st period - Stopped by Karel Vejmelka with a rebound.
11:00 of 1st period - Slapshot by Nick Leddy.
11:00 of 1st period - Shot Misses the Net.
11:04 of 1st period - Snap shot by Hunter Drew.
11:04 of 1st period - Stopped by Karel Vejmelka with a rebound.
11:06 of 1st period - Snap shot by Hunter Drew.
11:06 of 1st period - Flames goal is going for a video replay.
11:06 of 1st period - The goal is refused. The attacking player has interfered with a goalkeeper in his goal crease..
11:07 of 1st period - Matt Rempe wins face-off versus Sebastian Aho in Rangers zone.
11:53 of 1st period - Wrist shot by Sebastian Aho.
11:53 of 1st period - Shot Blocked by Adam Fantilli.
12:15 of 1st period - Wrist shot by Adam Fantilli.
12:15 of 1st period - Stopped by Karel Vejmelka without a rebound.
12:16 of 1st period - Matt Rempe wins face-off versus Anton Lundell in Rangers zone.
12:17 of 1st period - Slapshot by Macklin Celebrini.
12:17 of 1st period - Stopped by Karel Vejmelka without a rebound.
12:18 of 1st period - Matt Rempe wins face-off versus Anton Lundell in Rangers zone.
12:23 of 1st period - Wrist shot by Matt Rempe.
12:23 of 1st period - Stopped by Karel Vejmelka with a rebound.
12:36 of 1st period - Off-side.
12:37 of 1st period - Jansen Harkins wins face-off versus Alex Laferriere in neutral zone.
13:06 of 1st period - Icing by Matt Rempe.
13:07 of 1st period - Matt Rempe wins face-off versus Anton Lundell in Flames zone.
13:16 of 1st period - Snap shot by Matt Rempe.
13:16 of 1st period - Shot Misses the Net.
13:18 of 1st period - Wrist shot by Matt Rempe.
13:18 of 1st period - Shot Blocked by Nick Seeler.
13:20 of 1st period - Slapshot by Nick Leddy.
13:20 of 1st period - Stopped by Karel Vejmelka with a rebound.
13:22 of 1st period - Slapshot by Matt Rempe.
13:22 of 1st period - Stopped by Karel Vejmelka without a rebound.
13:23 of 1st period - Joel Eriksson Ek wins face-off versus Hunter Drew in Rangers zone.
13:30 of 1st period - Snap shot by Joel Eriksson Ek.
13:30 of 1st period - Stopped by Jack Campbell with a rebound.
13:36 of 1st period - Wrist shot by Jansen Harkins.
13:36 of 1st period - Shot Misses the Net.
13:38 of 1st period - Snap shot by Hunter Drew.
13:38 of 1st period - Deflect By Jansen Harkins.
13:38 of 1st period - Stopped by Karel Vejmelka without a rebound.
13:39 of 1st period - Anton Lundell wins face-off versus Macklin Celebrini in Rangers zone.
14:38 of 1st period - Slapshot by Adam Fantilli.
14:38 of 1st period - Shot Misses the Net.
14:40 of 1st period - Slapshot by Kevin Connauton.
14:40 of 1st period - Stopped by Karel Vejmelka with a rebound.
14:54 of 1st period - Snap shot by Nick Seeler.
14:54 of 1st period - Shot Misses the Net.
14:56 of 1st period - Wrist shot by Kasperi Kapanen.
14:56 of 1st period - Shot Blocked by Travis Hamonic.
14:58 of 1st period - Slapshot by Nick Seeler.
14:58 of 1st period - Stopped by Jack Campbell without a rebound.
14:59 of 1st period - Hunter Drew wins face-off versus Joel Eriksson Ek in Flames zone.
15:12 of 1st period - Snap shot by Alex Laferriere.
15:12 of 1st period - Stopped by Jack Campbell with a rebound.
15:14 of 1st period - Snap shot by Joel Eriksson Ek.
15:14 of 1st period - Goal by Joel Eriksson Ek - Rangers : 4 - Flames : 0.
15:15 of 1st period - Anton Lundell wins face-off versus Matt Rempe in neutral zone.
15:20 of 1st period - Snap shot by Anton Lundell.
15:20 of 1st period - Stopped by Jack Campbell without a rebound.
15:21 of 1st period - Anton Lundell wins face-off versus Matt Rempe in Flames zone.
15:30 of 1st period - Wrist shot by Kirill Marchenko.
15:30 of 1st period - Stopped by Jack Campbell with a rebound.
15:34 of 1st period - Wrist shot by Kirill Marchenko.
15:34 of 1st period - Deflect By Anton Lundell.
15:34 of 1st period - Stopped by Jack Campbell with a rebound.
15:36 of 1st period - Slapshot by Seth Jones.
15:36 of 1st period - Deflect By Morgan Barron.
15:36 of 1st period - Shot Blocked by Matt Rempe.
15:36 of 1st period - Puck is out of play.
15:37 of 1st period - Sebastian Aho wins face-off versus Hunter Drew in Flames zone.
15:56 of 1st period - Jansen Harkins is hit by Nick Seeler.
16:01 of 1st period - Icing by Hunter Drew.
16:02 of 1st period - Joel Eriksson Ek wins face-off versus Hunter Drew in Flames zone.
16:06 of 1st period - Icing by Henry Thrun.
16:07 of 1st period - Alex Laferriere wins face-off versus Hunter Drew in Flames zone.
16:12 of 1st period - Snap shot by Jack Hughes.
16:12 of 1st period - Stopped by Jack Campbell without a rebound.
16:13 of 1st period - Matt Rempe wins face-off versus Joel Eriksson Ek in Flames zone.
16:24 of 1st period - Snap shot by Macklin Celebrini.
16:24 of 1st period - Stopped by Karel Vejmelka with a rebound.
16:26 of 1st period - Slapshot by Keaton Middleton.
16:26 of 1st period - Goal by Keaton Middleton - Rangers : 4 - Flames : 1.
16:27 of 1st period - Matt Rempe wins face-off versus Kirill Marchenko in neutral zone.
16:36 of 1st period - Snap shot by Travis Hamonic.
16:36 of 1st period - Shot Blocked by Thomas Harley.
16:38 of 1st period - Slapshot by Matt Rempe.
16:38 of 1st period - Stopped by Karel Vejmelka with a rebound.
16:40 of 1st period - Snap shot by Keaton Middleton.
16:40 of 1st period - Shot Misses the Net.
16:42 of 1st period - Snap shot by Hunter Drew.
16:42 of 1st period - Shot Blocked by Nick Seeler.
17:09 of 1st period - Adam Fantilli is hit by Alex Killorn and loses puck.
17:13 of 1st period - Icing by Adam Fantilli.
17:14 of 1st period - Adam Henrique wins face-off versus Joel Eriksson Ek in Flames zone.
17:23 of 1st period - Snap shot by Joel Eriksson Ek.
17:23 of 1st period - Stopped by Jack Campbell without a rebound.
17:24 of 1st period - Matt Rempe wins face-off versus Joel Eriksson Ek in Flames zone.
17:33 of 1st period - Backhand shot by Jack Hughes.
17:33 of 1st period - Shot Misses the Net.
17:35 of 1st period - Slapshot by Martin Fehervary.
17:35 of 1st period - Stopped by Jack Campbell with a rebound.
17:37 of 1st period - Slapshot by Seth Jones.
17:37 of 1st period - Shot Misses the Net.
17:39 of 1st period - Snap shot by Joel Eriksson Ek.
17:39 of 1st period - Shot Misses the Net.
17:43 of 1st period - Wrist shot by Alex Laferriere.
17:43 of 1st period - Deflect By Jack Hughes.
17:43 of 1st period - Shot Blocked by Ryan Johansen.
17:43 of 1st period - Ryan Johansen from Flames is injured at 17:43 of 1st period (Torn Left MCL).
17:44 of 1st period - Matt Rempe wins face-off versus Anton Lundell in Flames zone.
17:46 of 1st period - Icing by Macklin Celebrini.
17:47 of 1st period - Anton Lundell wins face-off versus Matt Rempe in Flames zone.
18:13 of 1st period - Slapshot by Adam Fantilli.
18:13 of 1st period - Shot Blocked by Filip Hronek.
18:15 of 1st period - Snap shot by Kevin Stenlund.
18:15 of 1st period - Shot Misses the Net.
18:17 of 1st period - Wrist shot by Olen Zellweger.
18:17 of 1st period - Stopped by Karel Vejmelka without a rebound.
18:18 of 1st period - Christian Dvorak wins face-off versus Adam Henrique in Rangers zone.
19:11 of 1st period - Off-side.
19:12 of 1st period - Matt Rempe wins face-off versus Sebastian Aho in neutral zone.
19:50 of 1st period - Jansen Harkins is hit by Kirill Marchenko and loses puck.
Goals for this period are 4 for Rangers vs 1 for Flames.
Shots for this period are 19 for Rangers vs 19 for Flames.
2nd period
0:01 of 2nd period - Matt Rempe wins face-off versus Jack Hughes in neutral zone.
0:31 of 2nd period - Adam Fantilli is hit by Sebastian Aho and loses puck.
1:33 of 2nd period - Alex Laferriere is hit by Matt Rempe and loses puck.
2:37 of 2nd period - Icing by Kasperi Kapanen.
2:38 of 2nd period - Christian Dvorak wins face-off versus Kevin Stenlund in Rangers zone.
2:51 of 2nd period - Snap shot by Jack Hughes.
2:51 of 2nd period - Stopped by Jack Campbell with a rebound.
3:29 of 2nd period - Wrist shot by Jake Guentzel.
3:29 of 2nd period - Shot Blocked by Keaton Middleton.
5:04 of 2nd period - Kevin Stenlund is hit by Jack Hughes.
5:47 of 2nd period - Icing by Henry Thrun.
5:48 of 2nd period - Anton Lundell wins face-off versus Adam Henrique in Flames zone.
5:49 of 2nd period - Wrist shot by Kirill Marchenko.
5:49 of 2nd period - Stopped by Jack Campbell with a rebound.
6:50 of 2nd period - Snap shot by Zachary Bolduc.
6:50 of 2nd period - Stopped by Jack Campbell without a rebound.
6:51 of 2nd period - Adam Henrique wins face-off versus Joel Eriksson Ek in Flames zone.
7:42 of 2nd period - Snap shot by Jake Guentzel.
7:42 of 2nd period - Deflect By Adam Fantilli.
7:42 of 2nd period - Stopped by Jack Campbell with a rebound.
7:44 of 2nd period - Slapshot by Thomas Harley.
7:44 of 2nd period - Deflect By Zachary Bolduc.
7:44 of 2nd period - Shot Blocked by Olen Zellweger.
7:44 of 2nd period - Puck is out of play.
7:45 of 2nd period - Adam Henrique wins face-off versus Christian Dvorak in Flames zone.
7:56 of 2nd period - Snap shot by Zachary Bolduc.
7:56 of 2nd period - Goal by Zachary Bolduc - Rangers : 5 - Flames : 1.
7:57 of 2nd period - Joel Eriksson Ek wins face-off versus Matt Rempe in neutral zone.
9:32 of 2nd period - Icing by Nick Seeler.
9:33 of 2nd period - Sebastian Aho wins face-off versus Matt Rempe in Rangers zone.
10:11 of 2nd period - Wrist shot by Jake Guentzel.
10:11 of 2nd period - Shot Blocked by Henry Thrun.
10:13 of 2nd period - Wrist shot by Alex Killorn.
10:13 of 2nd period - Stopped by Jack Campbell without a rebound.
10:14 of 2nd period - Hunter Drew wins face-off versus Anton Lundell in Flames zone.
10:40 of 2nd period - Jansen Harkins is hit by Seth Jones.
11:07 of 2nd period - Kevin Stenlund is hit by Joel Eriksson Ek and loses puck.
11:25 of 2nd period - Minor Penalty to Macklin Celebrini for High sticking.
11:26 of 2nd period - Sebastian Aho wins face-off versus Matt Rempe in Flames zone.
13:01 of 2nd period - Icing by Nick Seeler.
13:02 of 2nd period - Sebastian Aho wins face-off versus Matt Rempe in Rangers zone.
13:25 of 2nd period - Penalty to Macklin Celebrini is over, Macklin Celebrini is back on ice.
14:09 of 2nd period - Macklin Celebrini is hit by Alex Laferriere and loses puck.
14:40 of 2nd period - Wrist shot by Christian Dvorak.
14:40 of 2nd period - Shot Misses the Net.
15:11 of 2nd period - Icing by Seth Jones.
15:12 of 2nd period - Matt Rempe wins face-off versus Joel Eriksson Ek in Rangers zone.
15:18 of 2nd period - Icing by Joel Eriksson Ek.
15:19 of 2nd period - Matt Rempe wins face-off versus Joel Eriksson Ek in Rangers zone.
15:24 of 2nd period - Backhand shot by Jansen Harkins.
15:24 of 2nd period - Stopped by Karel Vejmelka without a rebound.
15:25 of 2nd period - Anton Lundell wins face-off versus Hunter Drew in Rangers zone.
15:38 of 2nd period - Kirill Marchenko is hit by Hunter Drew and loses puck.
15:51 of 2nd period - Wrist shot by Adam Henrique.
15:51 of 2nd period - Stopped by Karel Vejmelka with a rebound.
15:53 of 2nd period - Snap shot by Adam Fantilli.
15:53 of 2nd period - Shot Blocked by Nick Seeler.
15:55 of 2nd period - Snap shot by Kevin Stenlund.
15:55 of 2nd period - Stopped by Karel Vejmelka without a rebound.
15:56 of 2nd period - Adam Henrique wins face-off versus Jake Guentzel in Rangers zone.
15:59 of 2nd period - Wrist shot by Adam Henrique.
15:59 of 2nd period - Shot Misses the Net.
16:45 of 2nd period - Snap shot by Adam Fantilli.
16:45 of 2nd period - Stopped by Karel Vejmelka without a rebound.
16:46 of 2nd period - Anton Lundell wins face-off versus Matt Rempe in Rangers zone.
16:51 of 2nd period - Slapshot by Jansen Harkins.
16:51 of 2nd period - Deflect By Hunter Drew.
16:51 of 2nd period - Shot Blocked by Nick Seeler.
16:51 of 2nd period - Puck is out of play.
16:52 of 2nd period - Sebastian Aho wins face-off versus Matt Rempe in Rangers zone.
17:19 of 2nd period - Matt Rempe is hit by Thomas Harley and loses puck.
18:29 of 2nd period - Jack Hughes is hit by Matt Rempe and loses puck.
19:04 of 2nd period - Snap shot by Jansen Harkins.
19:04 of 2nd period - Shot Misses the Net.
19:44 of 2nd period - Slapshot by Jack Hughes.
19:44 of 2nd period - Shot Blocked by Hunter Drew.
Goals for this period are 1 for Rangers vs 0 for Flames.
Shots for this period are 6 for Rangers vs 4 for Flames.
3rd period
0:01 of 3rd period - Sebastian Aho wins face-off versus Matt Rempe in neutral zone.
0:10 of 3rd period - Wrist shot by Sebastian Aho.
0:10 of 3rd period - Shot Misses the Net.
0:50 of 3rd period - Jack Hughes is hit by Matt Rempe and loses puck.
2:55 of 3rd period - Off-side.
2:56 of 3rd period - Sebastian Aho wins face-off versus Kevin Stenlund in neutral zone.
3:05 of 3rd period - Slapshot by Jake Guentzel.
3:05 of 3rd period - Shot Misses the Net.
3:07 of 3rd period - Slapshot by Seth Jones.
3:07 of 3rd period - Shot Misses the Net.
3:09 of 3rd period - Snap shot by Alex Killorn.
3:09 of 3rd period - Shot Misses the Net.
3:23 of 3rd period - Seth Jones is hit by Macklin Celebrini and loses puck.
3:34 of 3rd period - Jansen Harkins is hit by Jack Hughes and loses puck.
4:36 of 3rd period - Christian Dvorak is hit by Ben Chiarot and loses puck.
4:59 of 3rd period - Travis Hamonic is hit by Alex Killorn.
5:05 of 3rd period - Snap shot by Sebastian Aho.
5:05 of 3rd period - Stopped by Jack Campbell with a rebound.
5:29 of 3rd period - Wrist shot by Joel Eriksson Ek.
5:29 of 3rd period - Shot Blocked by Darren Raddysh.
6:48 of 3rd period - Kasperi Kapanen is hit by Travis Hamonic and loses puck.
7:01 of 3rd period - Snap shot by Christian Dvorak.
7:01 of 3rd period - Stopped by Jack Campbell without a rebound.
7:02 of 3rd period - Anton Lundell wins face-off versus Adam Fantilli in Flames zone.
7:19 of 3rd period - Slapshot by Kirill Marchenko.
7:19 of 3rd period - Stopped by Jack Campbell with a rebound.
8:02 of 3rd period - Macklin Celebrini is hit by Zachary Bolduc and loses puck.
8:18 of 3rd period - Minor Penalty to Seth Jones for Hooking.
8:19 of 3rd period - Matt Rempe wins face-off versus Joel Eriksson Ek in Rangers zone.
8:26 of 3rd period - Wrist shot by Tyler Johnson.
8:26 of 3rd period - Shot Misses the Net.
8:32 of 3rd period - Tyler Johnson is hit by Nick Seeler and loses puck.
8:45 of 3rd period - Joel Eriksson Ek is hit by Kevin Connauton and loses puck.
10:18 of 3rd period - Penalty to Seth Jones is over, Seth Jones is back on ice.
10:28 of 3rd period - Travis Hamonic is hit by Martin Fehervary and loses puck.
10:33 of 3rd period - Snap shot by Kasperi Kapanen.
10:33 of 3rd period - Stopped by Jack Campbell without a rebound.
10:34 of 3rd period - Matt Rempe wins face-off versus Christian Dvorak in Flames zone.
10:39 of 3rd period - Macklin Celebrini is hit by Zachary Bolduc and loses puck.
10:49 of 3rd period - Snap shot by Christian Dvorak.
10:49 of 3rd period - Goal by Christian Dvorak - Rangers : 6 - Flames : 1.
10:50 of 3rd period - Hunter Drew wins face-off versus Sebastian Aho in neutral zone.
10:52 of 3rd period - Off-side.
10:53 of 3rd period - Hunter Drew wins face-off versus Alex Killorn in neutral zone.
11:24 of 3rd period - Wrist shot by Adam Henrique.
11:24 of 3rd period - Stopped by Karel Vejmelka with a rebound.
11:31 of 3rd period - Off-side.
11:32 of 3rd period - Sebastian Aho wins face-off versus Matt Rempe in neutral zone.
11:38 of 3rd period - Slapshot by Sebastian Aho.
11:38 of 3rd period - Stopped by Jack Campbell with a rebound.
11:42 of 3rd period - Wrist shot by Sebastian Aho.
11:42 of 3rd period - Shot Misses the Net.
11:44 of 3rd period - Slapshot by Martin Fehervary.
11:44 of 3rd period - Stopped by Jack Campbell without a rebound.
11:45 of 3rd period - Sebastian Aho wins face-off versus Hunter Drew in Flames zone.
12:46 of 3rd period - Snap shot by Jansen Harkins.
12:46 of 3rd period - Shot Misses the Net.
12:48 of 3rd period - Snap shot by Hunter Drew.
12:48 of 3rd period - Stopped by Karel Vejmelka with a rebound.
12:50 of 3rd period - Wrist shot by Hunter Drew.
12:50 of 3rd period - Stopped by Karel Vejmelka with a rebound.
12:52 of 3rd period - Snap shot by Jansen Harkins.
12:52 of 3rd period - Stopped by Karel Vejmelka without a rebound.
12:53 of 3rd period - Adam Henrique wins face-off versus Anton Lundell in Rangers zone.
13:52 of 3rd period - Zachary Bolduc is hit by Matt Rempe and loses puck.
14:07 of 3rd period - Seth Jones is hit by Hunter Drew and loses puck.
14:19 of 3rd period - Off-side.
14:20 of 3rd period - Adam Henrique wins face-off versus Anton Lundell in neutral zone.
14:23 of 3rd period - Slapshot by Nick Leddy.
14:23 of 3rd period - Stopped by Karel Vejmelka with a rebound.
14:37 of 3rd period - Darren Raddysh is hit by Anton Lundell and loses puck.
15:06 of 3rd period - Nick Leddy is hit by Filip Hronek and loses puck.
15:28 of 3rd period - Snap shot by Anton Lundell.
15:28 of 3rd period - Shot Misses the Net.
15:30 of 3rd period - Snap shot by Kirill Marchenko.
15:30 of 3rd period - Shot Blocked by Nick Leddy.
15:32 of 3rd period - Wrist shot by Kirill Marchenko.
15:32 of 3rd period - Stopped by Jack Campbell with a rebound.
15:34 of 3rd period - Slapshot by Morgan Barron.
15:34 of 3rd period - Shot Misses the Net.
15:36 of 3rd period - Snap shot by Filip Hronek.
15:36 of 3rd period - Shot Misses the Net.
15:46 of 3rd period - Adam Henrique is hit by Anton Lundell and loses puck.
15:51 of 3rd period - Slapshot by Anton Lundell.
15:51 of 3rd period - Shot Blocked by Kevin Stenlund.
16:45 of 3rd period - Slapshot by Darren Raddysh.
16:45 of 3rd period - Shot Blocked by Morgan Barron.
17:08 of 3rd period - Anton Lundell is hit by Kevin Stenlund and loses puck.
17:13 of 3rd period - Snap shot by Darren Raddysh.
17:13 of 3rd period - Stopped by Karel Vejmelka without a rebound.
17:14 of 3rd period - Hunter Drew wins face-off versus Sebastian Aho in Rangers zone.
17:15 of 3rd period - Slapshot by Olen Zellweger.
17:15 of 3rd period - Shot Misses the Net.
17:23 of 3rd period - Snap shot by Jansen Harkins.
17:23 of 3rd period - Stopped by Karel Vejmelka without a rebound.
17:24 of 3rd period - Hunter Drew wins face-off versus Alex Killorn in Rangers zone.
17:27 of 3rd period - Slapshot by Olen Zellweger.
17:27 of 3rd period - Stopped by Karel Vejmelka without a rebound.
17:28 of 3rd period - Alex Killorn wins face-off versus Hunter Drew in Rangers zone.
17:28 of 3rd period - Alex Killorn is hit by Keaton Middleton.
17:58 of 3rd period - Off-side.
17:59 of 3rd period - Matt Rempe wins face-off versus Joel Eriksson Ek in neutral zone.
18:01 of 3rd period - Off-side.
18:02 of 3rd period - Joel Eriksson Ek wins face-off versus Hunter Drew in neutral zone.
18:15 of 3rd period - Snap shot by Joel Eriksson Ek.
18:15 of 3rd period - Stopped by Jack Campbell with a rebound.
18:30 of 3rd period - Off-side.
18:31 of 3rd period - Matt Rempe wins face-off versus Sebastian Aho in neutral zone.
18:36 of 3rd period - Jake Guentzel is hit by Macklin Celebrini and loses puck.
19:05 of 3rd period - Snap shot by Jansen Harkins.
19:05 of 3rd period - Deflect By Tyler Johnson.
19:05 of 3rd period - Stopped by Karel Vejmelka without a rebound.
19:06 of 3rd period - Joel Eriksson Ek wins face-off versus Macklin Celebrini in Rangers zone.
19:06 of 3rd period - Joel Eriksson Ek is hit by Kevin Connauton.
19:23 of 3rd period - Icing by Nick Leddy.
19:24 of 3rd period - Matt Rempe wins face-off versus Sebastian Aho in Flames zone.
19:54 of 3rd period - Snap shot by Anton Lundell.
19:54 of 3rd period - Shot Blocked by Hunter Drew.
Goals for this period are 1 for Rangers vs 0 for Flames.
Shots for this period are 9 for Rangers vs 9 for Flames.